 Dungeon Crawl Stone Soup version 0.30.1-11-g7821555f0a (webtiles) character file.

Game seed: 4278467741491372770

310 bnorton916 the Magician (level 6, -2/32 HPs)
             Began as a Deep Elf Fire Elementalist on Nov 23, 2023.
             Slain by an orc
             ... wielding a +0 flail
              (7 damage)
             ... on level 4 of the Dungeon.
             The game lasted 00:04:24 (4291 turns).

bnorton916 the Magician (DEFE)                      Turns: 4291, Time: 00:04:24

Health: -2/32      AC:  8    Str: 11    XL:     6   Next: 18%
Magic:  10/15      EV: 12    Int: 22    God:
Gold:   233        SH:  0    Dex: 15    Spells: 9/15 levels left

rFire   . . .        A - +2 short sword (elec)
rCold   . . .        (no shield)
rNeg    . . .        a - +0 robe
rPois   .            (no helmet)
rElec   .            l - +0 cloak
rCorr   .            (no gloves)
SInv    .            s - +0 pair of boots
Will    .....        (no amulet)
Stlth   ++           h - +4 ring of protection
HPRegen 0.25/turn    j - +6 ring of strength
MPRegen 0.14/turn

%: no passive effects
@: very slightly contaminated
A: no striking features
a: no special abilities


You were on level 4 of the Dungeon.
You visited 1 branch of the dungeon, and saw 5 of its levels.

You collected 233 gold pieces.

Inventory:

Hand Weapons
 A - a +2 short sword of electrocution (weapon)
Missiles
 w - 4 datura-tipped darts
 x - 8 poisoned darts
Armour
 a - a +0 robe (worn)
 l - a +0 cloak (worn)
 s - a +0 pair of boots (worn)
Magical Staves
 m - a staff of air
Jewellery
 h - a +4 ring of protection (left hand)
 j - a +6 ring of strength (right hand)
 n - the ring "Caokh" {rPois rC++ Str+2 Int-5}
   (You found it on level 2 of the Dungeon)

   [ring of poison resistance]

   Str:       It affects your strength (+2).
   Int:       It affects your intelligence (-5).
   rC:        It greatly protects you from cold.
   rPois:     It protects you from poison.
Wands
 v - a wand of roots (12)
Scrolls
 c - a scroll of butterflies {unknown}
 d - 4 scrolls of blinking {unknown}
 e - 4 scrolls of teleportation {unknown}
 g - a scroll of fear {unknown}
 i - 5 scrolls of identify {unknown}
 k - 2 scrolls of enchant weapon {unknown}
 q - a scroll of magic mapping {unknown}
 t - a scroll of noise {unknown}
 y - a scroll of enchant armour {unknown}
 z - a scroll of fog {unknown}
Potions
 b - 2 potions of magic
 f - a potion of might {unknown}
 o - 3 potions of curing {unknown}
 p - a potion of degeneration {unknown}
 r - a potion of mutation {unknown}
 u - a potion of attraction {unknown}


   Skills:
 - Level 2.4 Dodging
 - Level 2.4 Stealth
 + Level 5.1 Spellcasting
 + Level 3.5 Conjurations
 + Level 4.8 Fire Magic
 + Level 1.7 Air Magic
 + Level 1.9 Poison Magic


You had 9 spell levels left.
You knew the following spells:

 Your Spells              Type           Power      Damage    Failure   Level
a - Foxfire               Conj/Fire      92%        2x1d8     1%          1
b - Scorch                Fire           52%        2d7       1%          2
c - Mephitic Cloud        Conj/Pois/Air  16%        N/A       11%         3

Your spell library contained the following spells:

 Spells                   Type           Power      Damage    Failure   Level
 Shock                    Conj/Air       68%        1d7       3%          1
 Sandblast                Erth           10%        2d5       10%         1
 Inner Flame              Hex/Fire       16%        N/A       11%         3
 Volatile Blastmotes      Fire/Tloc      32%        2d12      11%         3
 Flame Wave               Conj/Fire      23%        2d8       19%         4
 Sticky Flame             Conj/Fire      23%        2d4       19%         4
 Freezing Cloud           Conj/Ice/Air   6%         6-21      80%         5
 Dispersal                Tloc           2%         N/A       100%        6
 Orb of Destruction       Conj           10%        9d6       100%        7
 Spellforged Servitor     Conj/Summ      6%         N/A       100%        7


Dungeon Overview and Level Annotations

Branches:
Dungeon (5/15)
 Temple: D:4-7

Altars:

Annotations:
D:4 Edmund


Message History

Okay, then.
Casting: Foxfire (safe; 1% risk of failure)
Confirm with . or Enter, or press ? or * to list all spells.
Flames lash the orc.
The orc is moderately wounded.
The orc's fire resistance burns away.
The orc hits you with a +0 flail.
Unknown command.
The orc hits you with a +0 flail.
You climb upwards.
Level annotation: Edmund
There is a stone staircase leading down here.
Casting: Scorch (safe; 1% risk of failure)
Confirm with . or Enter, or press ? or * to list all spells.
You conjure some foxfire!
The orc is no longer more vulnerable to fire.
The orc hits you with a +0 flail. The orc hits you but does no damage.
The foxfire hits the orc but does no damage.
The orc is lightly wounded.
The foxfire hits the orc.
The orc is heavily wounded.
The orc closely misses you. The orc hits you but does no damage.
Casting: Foxfire (safe; 1% risk of failure)
Confirm with . or Enter, or press ? or * to list all spells.
You conjure some foxfire!
The orc barely misses you. x2
The foxfire hits the orc.
The orc is almost dead.
The foxfire hits the orc!
You kill the orc!
The orc hits you with a +0 flail.
Casting: Foxfire (safe; 1% risk of failure)
Confirm with . or Enter, or press ? or * to list all spells.
You miscast Foxfire.
You are very lightly contaminated with residual magic.
Nothing appears to happen.
The orc hits you with a +0 flail!
* * * LOW HITPOINT WARNING * * *
Casting: Foxfire (safe; 1% risk of failure)
Confirm with . or Enter, or press ? or * to list all spells.
You conjure some foxfire!
The orc hits you with a +0 flail!
You die...

.........########## ##
...###.#..............
...###.####....### #.#
.............##### #.##
.#########............ ######
............########.# ## #.....
#..............# ##.# ..##.....
##.....##......####..####........
..(##....####..o@v......##.......
#..##.....# ###.v................
...#####..## ####..(............
.#.# ##..#### #...##..........
##.# #.....# ##.#####.......).
#.## #.###.###..# ##..##......
#..#####.###.##...# #..##.......
###.....#.#.......####.###.......
...####>....#....###...##........


You could see an orc (ally target).

Vanquished Creatures
  A scorpion (D:3)
  A jelly (D:4)
  3 hounds (D:4)
  A gnoll (D:4)
  5 adders
  A worm (D:3)
  3 dart slugs
  3 orcs
  5 ball pythons
  4 endoplasms
  2 giant cockroaches
  8 goblins
  6 hobgoblins
  4 jackals (D:1)
  4 kobolds
  3 quokkas
  5 bats
  2 frilled lizards
  A rat (D:3)
62 creatures vanquished.

Vanquished Creatures (others)
  311 foxfires
311 creatures vanquished.

Grand Total: 373 creatures vanquished

Notes
Turn   | Place    | Note
-------+----------+-------------------------------------------
     0 | D:1      | bnorton916 the Deep Elf Fire Elementalist began the quest
                  | for the Orb.
     0 | D:1      | Reached XP level 1. HP: 10/10 MP: 6/6
   275 | D:1      | Reached XP level 2. HP: 15/15 MP: 6/8
  1018 | D:1      | Got Moawidgh's Parchment of Elliptic Assaults
  1302 | D:2      | Identified the ring "Caokh" {rPois rC++ Str+2 Int-5}
  1339 | D:2      | Reached XP level 3. HP: 19/19 MP: 8/10
  1476 | D:2      | Reached skill level 4 in Spellcasting
  1953 | D:2      | Found a faded altar of an unknown god.
  1987 | D:2      | Reached XP level 4. HP: 24/24 MP: 9/12
  2080 | D:2      | Learned a level 2 spell: Scorch
  2084 | D:2      | Learned a level 3 spell: Mephitic Cloud
  2622 | D:3      | Noticed a scorpion
  2637 | D:3      | Killed a scorpion
  2638 | D:3      | Reached skill level 1 in Poison Magic
  2638 | D:3      | Reached XP level 5. HP: 27/28 MP: 3/13
  3624 | D:4      | Reached skill level 1 in Air Magic
  3753 | D:4      | Reached skill level 5 in Spellcasting
  3888 | D:4      | Reached XP level 6. HP: 32/32 MP: 11/15
  4012 | D:4      | Noticed Edmund
  4053 | D:4      | Got Poxzeq's Book of the Shot and Silt
  4161 | D:5      | Entered Level 5 of the Dungeon
  4291 | D:4      | Slain by an orc

Illustrated notes

Levels and vault maps discovered:
D:1:      dpeg_arrival_yet_another_circle, layout_loops_ring, minmay_cut_off
D:2:      layout_basic, basic_ecumenical_altar
D:3:      layout_basic, grunt_ministairs_2
D:4:      layout_rooms, uniq_grinder, uniq_crazy_yiuf_cottage, uniq_edmund
D:5:      layout_gridville, nicolae_hepliaklqana_monster_ancestors,
          bloody_makhleb

Skill      XL: |  1  2  3  4  5 |
---------------+----------------+-----
Conjurations   | 2 3 |  3.5
Spellcasting   | 4 5 |  5.1
Fire Magic     | 4 |  4.8
Poison Magic   | 1 |  1.9
Air Magic      | 1 |  1.7
Dodging        | |  2.4
Stealth        | |  2.4

Action                     |  1- 3 |  4- 6 || total
---------------------------+-------+-------++-------
   Cast: Foxfire           |   107 |    87 ||   194
         Scorch            |       |    10 ||    10
 Armour: Robe              |    11 |    12 ||    23
  Dodge: Dodged            |    11 |    18 ||    29
